 Dungeon Crawl Stone Soup version 0.29-a0-284-gf9362112df (webtiles) character file.

Game seed: 17933251774245801339

165 sizableburger the Bolt Thrower (level 5, 0/30 HPs)
             Began as a Vampire Hunter on Mar 17, 2022.
             Slain by a gnoll
             ... wielding a +0 flail
              (8 damage)
             ... on level 3 of the Dungeon.
             The game lasted 00:04:50 (1543 turns).

sizableburger the Bolt Thrower (Vampire Hunter)     Turns: 1543, Time: 00:04:50

Health: 0/30       AC:  3    Str: 10    XL:     5   Next: 21%
Magic:  5/5        EV: 14    Int: 11    God:
Gold:   128        SH:  0    Dex: 26    Spells: 4/4 levels left

rFire   . . .      SeeInvis +   a - +1 hand crossbow
rCold   + + .      Faith    .   (no shield)
rNeg    + + +      Spirit   .   b - +0 leather armour
rPois   ∞          Reflect  .   (no helmet)
rElec   .          Harm     .   (no cloak)
rCorr   .          Rampage  .   (no gloves)
Will    .....                   (no boots)
Stlth   +++++.....              (no amulet)
HPRegen 0.00/turn               m - +6 ring of dexterity
MPRegen 0.09/turn               p - ring of flight

@: flying, bloodless, inhibited regen
A: bloodless, fangs 3, see invisible, vampiric 2
a: Bat Form, Revivify


You were on level 3 of the Dungeon.
You visited 1 branch of the dungeon, and saw 3 of its levels.

You collected 128 gold pieces.

Inventory:

Hand Weapons
 a - a +1 hand crossbow (weapon)
Armour
 b - a +0 leather armour (worn)
Jewellery
 m - a +6 ring of dexterity (left hand)
 p - a ring of flight (right hand)
Wands
 n - a wand of polymorph (10)
Scrolls
 c - a scroll of immolation
 e - a scroll of summoning
 f - a scroll of noise {unknown}
 g - a scroll of blinking {unknown}
 h - a scroll of teleportation {unknown}
 i - a scroll of torment {unknown}
 l - 2 scrolls of identify {unknown}
Potions
 d - 2 potions of cancellation {unknown}
 j - 2 potions of haste {unknown}
 k - a potion of curing {unknown}
 o - a potion of mutation {unknown}
 q - a potion of might {unknown}


   Skills:
 - Level 1.7 Fighting
 + Level 4.2 Crossbows
 + Level 4.1 Dodging
 - Level 4.0 Stealth


You had 4 spell levels left.
You didn't know any spells.
Your spell library contained the following spells:

 Spells                   Type           Power      Damage    Failure   Level
 Corpse Rot               Necr/Air       0%         N/A       58%         2
 Poisonous Vapours        Pois/Air       0%         N/A       58%         2


Dungeon Overview and Level Annotations

Branches:
Dungeon (3/15)

Altars:


Innate Abilities, Weirdness & Mutations

You do not regenerate when monsters are visible.
You are frail without blood (-20% HP).
You can heal yourself when you bite living creatures.
You are immune to poison.
You have razor-sharp teeth.
You have supernaturally acute eyesight. (SInv)
You are afflicted with vampirism and can become a bat while bloodless.


Message History

The bolt hits the gnoll but does no damage.
The gnoll barely misses you. The gnoll closely misses you.
Shoot: a) +1 hand crossbow
Press: ? - help, Q - select action, (/) - cycle Shift-Dir - straight line, f/p - gnoll
Aim: a gnoll, wielding a +0 flail (72% to hit)
You shoot a bolt. The bolt closely misses the gnoll.
The gnoll shouts!
The gnoll barely misses you.
Shoot: a) +1 hand crossbow
Press: ? - help, Q - select action, (/) - cycle Shift-Dir - straight line, f/p - gnoll
Aim: a gnoll, wielding a +0 flail (72% to hit)
You shoot a bolt. The bolt hits the gnoll.
The gnoll is moderately wounded.
The gnoll misses you.
At your current blood state you are immune to poison, significantly resist cold, are immune to negative energy, resist torment and do not heal with monsters in sight.
You are flying.
Your regeneration is inhibited by nearby monsters.
Your flying speed is average.
Your attack delay is about 1.3.
Your base attributes are Str 10, Int 11, Dex 20.
Shoot: a) +1 hand crossbow
Press: ? - help, Q - select action, (/) - cycle Shift-Dir - straight line, f/p - gnoll
Aim: a gnoll, wielding a +0 flail (moderately wounded, 72% to hit)
You shoot a bolt. The bolt hits the gnoll.
The gnoll is heavily wounded.
The gnoll barely misses you. The gnoll hits you with a +0 flail!
Shoot: a) +1 hand crossbow
Press: ? - help, Q - select action, (/) - cycle Shift-Dir - straight line, f/p - gnoll
Aim: a gnoll, wielding a +0 flail (heavily wounded, 72% to hit)
You shoot a bolt.
The bolt hits the gnoll but does no damage.
The gnoll is heavily wounded.
The gnoll hits you with a +0 flail. The gnoll attacks as you move away!
The gnoll hits you with a +0 flail!
* * * LOW HITPOINT WARNING * * *
Found a mace.
The gnoll attacks as you move away! The gnoll barely misses you.
A worm comes into view.
The worm moves out of view.
You fail to use your ability.
The gnoll hits you with a +0 flail!
You die...

... ... .. . .. ## .)
.. .. .. #.. ##.###...
... . .. ##..#...
..... †#.# ......
#..###..##.g.#..#
##>......g.# #@#
###......### ##g#
...........####g.#
....###..#.).)..##
..#####....######
...............#####.#
......................
##.##..###.#..<......#
#.....# #......h.....


You could see 2 gnolls.

Vanquished Creatures
  A gnoll (D:3)
  11 adders
  A dart slug (D:2)
  An orc (D:2)
  7 ball pythons
  4 bats (D:2)
  6 endoplasms
  5 goblins
  4 hobgoblins
  7 jackals
  A quokka (D:2)
  A frilled lizard (D:1)
  2 kobolds
  2 rats
53 creatures vanquished.

Vanquished Creatures (collateral kills)
  A jackal (D:2)
1 creature vanquished.

Grand Total: 54 creatures vanquished

Notes
Turn   | Place    | Note
-------+----------+-------------------------------------------
     0 | D:1      | sizableburger the Vampire Hunter began the quest for the
                  | Orb.
     0 | D:1      | Reached XP level 1. HP: 16/16 MP: 1/1
   372 | D:1      | Reached XP level 2. HP: 22/22 MP: 2/2
   409 | D:1      | Found a faded altar of an unknown god.
   680 | D:2      | Gained mutation: You are afflicted with vampirism and can
                  | become a bat while bloodless. [Vampire growth]
   680 | D:2      | Reached XP level 3. HP: 27/27 MP: 3/3
   901 | D:2      | Reached XP level 4. HP: 27/33 MP: 4/4
  1456 | D:3      | Reached XP level 5. HP: 30/30 MP: 5/5
  1543 | D:3      | Slain by a gnoll

Illustrated notes

Levels and vault maps discovered:
D:1:      psy_arrival_spokes, layout_basic, nicolae_ecumenical_snake_handling
D:2:      layout_basic, hangedman_abyss_or_decor_stabs,
          chequers_serial_rivers_large_a
D:3:      layout_rooms, jmf_multi_god_temple2

Skill      XL: |  1  2  3  4  5 |
---------------+----------------+-----
Stealth        | 2 3 4 |  4.0
Dodging        | 3 4 |  4.1
Crossbows      | 4 |  4.2
Fighting       | |  1.7

Action                   |  1- 3 |  4- 6 || total
-------------------------+-------+-------++-------
 Fire: Hand crossbow     |    70 |    86 ||   156
 Abil: Exsanguinate      |       |     2 ||     2
  Use: Scroll            |     2 |       ||     2
Armor: Leather armour    |     4 |     7 ||    11
Dodge: Dodged            |    27 |    31 ||    58

Table legend: (Time is in decaauts)
 A = Elapsed time spent in this place.
 B = Non-inter-level travel time spent in this place.
 C = Inter-level travel time spent in this place.
 D = Time resting spent in this place.
 E = Time spent auto-exploring this place.
 F = Levels seen in this place.
 G = Mean time per level.
                   A        B        C        D        E       F      G
               +--------+--------+--------+--------+--------+-----+--------+
         Total |   1610 |   1550 |     60 |    176 |   1015 |   3 |  536.7 |
       Dungeon |   1610 |   1550 |     60 |    176 |   1015 |   3 |  536.7 |
               +--------+--------+--------+--------+--------+-----+--------+

Top non-repeatable levels by time:
     D:2: 694 daAuts
     D:1: 597 daAuts
     D:3: 319 daAuts
